 Dungeon Crawl Stone Soup version 0.28.0-45-g0d030f2227 (webtiles) character file.

Game seed: 10919653724638446730

4146 croobank the Cleaver (level 10, -3/90 HPs)
             Began as a Hill Orc Fighter on Apr 5, 2022.
             Was a Believer of Beogh.
             Killed from afar by an electric eel (9 damage)
             ... with a bolt of electricity
             ... on level 8 of the Dungeon on Apr 6, 2022.
             The game lasted 00:24:55 (9189 turns).

croobank the Cleaver (Hill Orc Fighter)             Turns: 9189, Time: 00:24:57

Health: -3/90      AC: 20    Str: 30    XL:     10   Next: 27%
Magic:  15/15      EV:  7    Int:  8    God:    Beogh [**....]
Gold:   363        SH: 10    Dex: 10    Spells: 9/9 levels left

rFire   . . .      SeeInvis .   a - +2 war axe
rCold   . . .      Faith    .   H - +0 kite shield
rNeg    . . .      Spirit   .   y - +0 chain mail
rPois   .          Reflect  .   (no helmet)
rElec   .          Harm     .   O - +2 cloak {Will+}
rCorr   .          Rampage  .   m - +1 pair of gloves
Will    +....                   (no boots)
Stlth   ..........              (no amulet)
HPRegen 0.25/turn               o - +6 ring of strength
MPRegen 0.14/turn               I - +4 ring of protection

@: about to teleport
A: no striking features
a: Renounce Religion, Smiting


You were on level 8 of the Dungeon.
You worshipped Beogh.
Beogh was pleased with you.
You visited 1 branch of the dungeon, and saw 8 of its levels.

You collected 423 gold pieces.
You spent 60 gold pieces at shops.

Inventory:

Hand Weapons
 a - a +2 war axe (weapon)
 f - a +0 vampiric hand axe
 k - a +0 shortbow
 l - a +0 dagger of flaming
 w - a +1 vorpal hand axe
 x - a +0 morningstar
 M - a +4 quarterstaff of chaos
Missiles
 g - 18 sling bullets
 h - 212 arrows
 i - 8 boomerangs
 j - 154 stones
 n - 21 poisoned darts
 s - a curare-tipped dart (quivered)
 C - 78 bolts
 J - a throwing net
Armour
 c - a +0 buckler
 m - a +1 pair of gloves (worn)
 p - the +1 chain mail of Moamo {Contam rC+++ rCorr Int-3}
   (You found it on level 8 of the Dungeon)

   Int:       It affects your intelligence (-3).
   rC:        It renders you almost immune to cold.
   Contam:    It causes magical contamination when unequipped.
   rCorr:     It protects you from acid and corrosion.
 y - a +0 chain mail (worn)
 H - a +0 kite shield (worn)
 O - a +2 cloak of willpower (worn)
Jewellery
 b - a +6 ring of dexterity
 d - an amulet of faith
 o - a +6 ring of strength (left hand)
 B - a +6 ring of intelligence
 I - a +4 ring of protection (right hand)
Wands
 q - a wand of mindburst (10)
 E - a wand of flame (15)
Scrolls
 t - a scroll of torment
 D - 3 scrolls of identify
Potions
 e - a potion of mutation {unknown}
 u - 2 potions of degeneration {unknown}
 v - a potion of flight {unknown}
 A - 2 potions of lignification {unknown}
 F - a potion of curing
 G - a potion of invisibility {unknown}
 K - a potion of attraction {unknown}
 N - a potion of brilliance {unknown}


   Skills:
 + Level 8.9 Fighting
 + Level 9.3 Axes
 + Level 8.2 Armour
 + Level 8.1 Shields
 + Level 6.8 Invocations


You had 9 spell levels left.
You didn't know any spells.
Your spell library contained the following spells:

 Spells                   Type           Power      Damage    Failure   Level
 Summon Small Mammal      Summ           0%         N/A       99%         1
 Call Canine Familiar     Summ           0%         N/A       100%        3
 Conjure Flame            Conj/Fire      0%         6-21      100%        3
 Gell's Gravitas          Tloc           0%         N/A       100%        3
 Ignite Poison            Fire/Tmut/Pois 0%         N/A       100%        3
 Lesser Beckoning         Tloc           0%         N/A       100%        3
 Summon Guardian Golem    Hex/Summ       0%         N/A       100%        3
 Teleport Other           Tloc           0%         N/A       100%        3
 Sticky Flame             Conj/Fire      0%         2d3       100%        4
 Orb of Destruction       Conj           0%         9d5       100%        7
 Spellforged Servitor     Conj/Summ      0%         N/A       100%        7


Dungeon Overview and Level Annotations

Branches:
Dungeon (8/15)             Temple (0/1) D:7
   Lair: D:8-11

Altars:
Ashenzari
Cheibriados
Fedhas
Gozag
Nemelex Xobeh
Wu Jian
Xom

Shops:
D:3 (*!(

Annotations:
D:3 3 runed translucent doors, qwertyui's ghost, amateur GrFi
D:7 4 runed translucent doors, Aristaeus's ghost, novice DrCj; terff's ghost, novice HOFi


Message History

Your bullfrog barely misses the brown ugly thing.
Your orc priest casts a cantrip, but nothing happens.
Your bullfrog barely misses the brown ugly thing.
The brown ugly thing gores your bullfrog!
Your bullfrog dies!
Your bullfrog's corpse dissolves into shadows!
The brown ugly thing gores your orc priest!
Your orc priest is splashed with acid.
Your extra speed is starting to run out.
Your orc priest invokes the aid of Beogh against the brown ugly thing.
The brown ugly thing resists with significant effort.
The brown ugly thing gores your orc priest!
Your orc priest dies!
Your orc priest's corpse dissolves into shadows!
The brown ugly thing closely misses your orc wizard.
Your orc wizard hits the brown ugly thing with a +0 dagger.
The electric eel shoots out a bolt of lightning at you!
The bolt of electricity hits you.
* * * LOW HITPOINT WARNING * * *
Found a hunting sling.
You feel yourself slow down.
The electric eel shoots out a bolt of lightning at you!
The bolt of electricity hits you!
* * * LOW HITPOINT WARNING * * *
You see here the +1 chain mail of Moamo {Contam rC+++ rCorr Int-3}.
p - the +1 chain mail of Moamo {Contam rC+++ rCorr Int-3} The electric eel shoots out a bolt of lightning at you!
The bolt of electricity hits you.
* * * LOW HITPOINT WARNING * * *
The electric eel shoots out a bolt of lightning at you!
The bolt of electricity misses you.
Okay, then.
Okay, then.
As you read the scroll of teleportation, it crumbles to dust.
You feel strangely unstable.
The electric eel shoots out a bolt of lightning at you!
The bolt of electricity misses you.
The electric eel shoots out a bolt of lightning at you!
The bolt of electricity hits you!
You die...

...................[.....#####
###.##..###########...........
#.y######### #.######.###
#.yuo......# #.# #.# #
#.########.###.### #.# #.#
###.......... #.# ##.##
#.....###.### #.#
#...###....####.. #.#
...≈..........@.......# #.#
.≈≈≈≈..≈.≈≈.......≈...#
≈≈≈≈≈≈≈≈≈S≈S≈≈≈≈.≈.####
≈≈≈≈≈≈≈≈≈≈≈≈≈≈≈≈≈≈≈≈≈#
≈≈≈≈≈≈≈≈≈P≈≈≈≈≈≈≈≈≈≈≈≈
≈P≈≈.≈.≈.≈≈≈≈≈≈≈≈≈≈≈≈≈≈
.≈≈≈.....≈≈P≈.....#####
)...........


You could see 2 electric eels.

Vanquished Creatures
  A kobold demonologist (D:6)
  A hornet (D:7)
  A troll (D:6)
  Sigmund (D:5)
  4 yaks (D:7)
  A steam dragon (D:8)
  Duvessa (D:7)
  2 black bears (D:6)
  2 orc warriors
  2 ice beasts (D:5)
  A sky beast (D:6)
  A centaur (D:8)
  3 ogres
  2 necrophages
  A kobold brigand (D:7)
  4 bullfrogs
  2 scorpions (D:5)
  2 wyvern zombies
  Dowan (D:7)
  2 centaur zombies (D:7)
  Crazy Yiuf (D:7)
  2 hounds
  A jelly (D:5)
  3 orc priests
  A gnoll shaman (D:7)
  4 iguanas
  5 orc wizards
  A hound skeleton (D:5)
  8 gnolls
  4 adders
  2 shadow imps
  2 ufetubi
  3 worms
  A dart slug (D:5)
  15 orcs
  7 endoplasms
  2 giant cockroaches
  5 goblins
  3 hobgoblins
  2 jackals (D:1)
  13 kobolds
  A quokka (D:1)
  5 ball pythons
  5 bats
  2 frilled lizards (D:1)
  3 rats
136 creatures vanquished.

Vanquished Creatures (others)
  An orc priest (D:5)
  An orc (D:5)
  5 plants
  3 withered plants (D:7)
10 creatures vanquished.

Grand Total: 146 creatures vanquished

Notes
Turn   | Place    | Note
-------+----------+-------------------------------------------
     0 | D:1      | croobank the Hill Orc Fighter began the quest for the Orb.
     0 | D:1      | Reached XP level 1. HP: 19/19 MP: 1/1
   189 | D:1      | Reached skill level 3 in Axes
   189 | D:1      | Reached XP level 2. HP: 20/27 MP: 2/2
   659 | D:1      | Reached XP level 3. HP: 26/33 MP: 3/3
   735 | D:1      | Found a faded altar of an unknown god.
  2177 | D:3      | Found a shimmering altar of Xom.
  2232 | D:3      | Found Ronap's Weapon Emporium.
  2313 | D:3      | Found Zunaetzet's Distillery.
  2322 | D:3      | Bought a potion of heal wounds for 60 gold pieces
  2333 | D:3      | Found a runed translucent gate.
  2333 | D:3      | Found a runed translucent gate.
  2334 | D:3      | Found a runed translucent gate.
  2338 | D:3      | Noticed qwertyui's ghost (amateur GrFi)
  2351 | D:3      | Found Taokar's Assorted Antiques.
  2761 | D:3      | Found Fotegi Qeho's Antique Weapon Shop.
  2769 | D:3      | Found an opulent altar of Gozag.
  2769 | D:3      | Found a sparkling altar of Nemelex Xobeh.
  2817 | D:4      | Reached XP level 4. HP: 41/41 MP: 4/4
  3236 | D:3      | Reached skill level 4 in Axes
  3236 | D:3      | Reached XP level 5. HP: 39/47 MP: 5/5
  3434 | D:3      | Found a blossoming altar of Fedhas.
  3848 | D:4      | Found a snail-covered altar of Cheibriados.
  4127 | D:5      | Entered Level 5 of the Dungeon
  4137 | D:5      | Noticed an ogre
  4142 | D:5      | Killed an ogre
  4143 | D:5      | Reached skill level 5 in Fighting
  4143 | D:5      | Reached XP level 6. HP: 56/56 MP: 6/6
  4300 | D:5      | Reached skill level 5 in Axes
  4300 | D:5      | Reached skill level 5 in Armour
  4484 | D:5      | Noticed Sigmund
  4485 | D:5      | Became a worshipper of Beogh the Brigand
  4489 | D:5      | Noticed an ice beast
  4490 | D:5      | Reached skill level 5 in Shields
  4499 | D:5      | Killed Sigmund
  4500 | D:5      | Reached XP level 7. HP: 51/62 MP: 7/7
  4801 | D:5      | Reached skill level 6 in Axes
  4866 | D:5      | Reached skill level 1 in Invocations
  4866 | D:5      | Reached XP level 8. HP: 59/71 MP: 7/9
  5864 | D:6      | Found an ornate altar of the Wu Jian Council.
  5905 | D:6      | Reached * piety under Beogh
  5916 | D:6      | Reached skill level 7 in Axes
  6463 | D:6      | Reached XP level 9. HP: 79/79 MP: 11/11
  6780 | D:7      | Noticed a kobold demonologist
  6791 | D:6      | Noticed a red devil
  6792 | D:6      | Noticed a soul eater
  6796 | D:6      | Noticed a smoke demon
  6796 | D:6      | Killed a kobold demonologist
  7012 | D:7      | Noticed a sixfirhy
  7148 | D:7      | Found a staircase to the Ecumenical Temple.
  7168 | D:7      | Reached skill level 8 in Axes
  7199 | D:7      | Reached skill level 5 in Invocations
  7402 | D:7      | Found a runed translucent gate.
  7402 | D:7      | Found a runed translucent gate.
  7402 | D:7      | Found a runed translucent gate.
  7408 | D:7      | Noticed terff's ghost (novice HOFi)
  7408 | D:7      | Noticed Aristaeus's ghost (novice DrCj)
  7432 | D:7      | Noticed a troll
  7816 | D:6      | Killed a troll
  7992 | D:7      | Found a runed translucent door.
  8035 | D:7      | Noticed Duvessa
  8037 | D:7      | Noticed Dowan
  8043 | D:7      | Killed Duvessa
  8057 | D:7      | Killed Dowan
  8154 | D:7      | Found a runed translucent door.
  8156 | D:7      | Noticed Crazy Yiuf
  8170 | D:7      | Killed Crazy Yiuf
  8259 | D:7      | Noticed a hornet
  8262 | D:7      | Paralysed by a hornet for 2 turns
  8268 | D:7      | Paralysed by a hornet for 2 turns
  8271 | D:7      | Killed a hornet
  8272 | D:7      | Reached XP level 10. HP: 41/90 MP: 14/14
  8566 | D:8      | Found a broken altar of Ashenzari.
  8664 | D:7      | Reached skill level 9 in Axes
  8942 | D:8      | Reached ** piety under Beogh
  9145 | D:8      | Noticed a brown ugly thing
  9187 | D:8      | Identified the +1 chain mail of Moamo {Contam rC+++ rCorr
                  | Int-3}
  9189 | D:8      | Killed from afar by an electric eel

Illustrated notes

Levels and vault maps discovered:
D:1:      psy_arrival_statuary, layout_basic,
          shapermc_ecumenical_altar_mp_highgroup, minmay_misc_feat_x,
          lemuel_old_faithful
D:2:      layout_basic, minmay_pentomino_q4
D:3:      cheibrodos_old_hovel, layout_loops_corners,
          grunt_temple_overflow_opulence, fedhas_altar_1,
          mainiacjoe_overflow_paths, gammafunk_ghost_necromancy, serial_shops,
          nicolae_shop_advertising_works [nicolae_subvault_shop_adworks], shop,
          nicolae_lakefront_shop, nicolae_shop_bloodbath_and_beyond
D:4:      layout_cave_pools, mainiacjoe_overflow_small_starburst,
          kennysheep_generic_room_12
D:5:      layout_rooms, uniq_sigmund
D:6:      layout_cave_pods, mainiacjoe_overflow_chevrons
D:7:      cheibrodos_shockbox, layout_basic, minmay_temple_entry_hall,
          gammafunk_ghost_cemetery, uniq_duvessa, uniq_crazy_yiuf_cottage
D:8:      layout_loops_ring, mainiacjoe_overflow_catwalk, chequers_big_river,
          kennysheep_small_circle

Skill      XL: |  1  2  3  4  5  6  7  8  9 10 |
---------------+-------------------------------+-----
Axes           | 3 4 5 6 7 8 9 |  9.3
Fighting       | 4 5 6 7 8 |  8.9
Armour         | 4 5 6 7 8 |  8.2
Shields        | 4 5 6 7 8 |  8.1
Invocations    | 1 3 6 |  6.8

Action                   |  1- 3 |  4- 6 |  7- 9 | 10-12 || total
-------------------------+-------+-------+-------+-------++-------
Melee: War axe           |   128 |    82 |   236 |    47 ||   493
Throw: Dart              |       |     2 |     6 |       ||     8
Invok: Convert to Beogh  |       |     1 |       |       ||     1
Evoke: Wand              |       |       |     3 |       ||     3
  Use: Scroll            |     3 |     1 |     5 |     2 ||    11
       Potion            |     1 |     3 |     5 |     1 ||    10
 Stab: Invisible         |       |       |     1 |       ||     1
Armor: Scale mail        |    91 |    50 |    68 |       ||   209
       Chain mail        |       |       |    70 |    33 ||   103
Dodge: Dodged            |    79 |    44 |    99 |    19 ||   241
Block: Buckler           |    34 |    25 |    20 |       ||    79
       Kite shield       |       |       |    96 |    26 ||   122
